 Dungeon Crawl Stone Soup version 0.23-a0-629-gae4348f (webtiles) character file.

14 Lanoc the Charlatan (level 2, 0/22 HPs)
             Began as a Formicid Artificer on Dec 25, 2018.
             Slain by a frilled lizard (2 damage)
             ... on level 1 of the Dungeon.
             The game lasted 00:01:14 (138 turns).

Lanoc the Charlatan (Formicid Artificer)             Turns: 138, Time: 00:01:15

Health: 0/22       AC:  3    Str: 16    XL:     2   Next: 60%
Magic:  4/4        EV: 12    Int: 10    God:
Gold:   23         SH:  0    Dex: 11    Spells: 1/1 levels left

rFire    . . .     SeeInvis +   a - +0 short sword
rCold    . . .     Gourm    .   (no shield)
rNeg     . . .     Faith    .   b - +0 leather armour
rPois    .         Spirit   .   (helmet unavailable)
rElec    .         Reflect  .   (no cloak)
rCorr    .         Harm     .   (no gloves)
MR       .....                  (no boots)
Stlth    +.........             (no amulet)
HPRegen  0.07/turn              (no ring)
MPRegen  0.09/turn              (no ring)

@: no status effects
A: permanent stasis, dig shafts and tunnels, four strong arms, antennae 3
a: Dig, Shaft Self


You were on level 1 of the Dungeon.
You were not hungry.

You visited 1 branch of the dungeon, and saw 1 of its levels.

You collected 23 gold pieces.

Inventory:

Hand Weapons
 a - a +0 short sword (weapon)
Armour
 b - a +0 leather armour (worn)
Wands
 c - a wand of flame (15)
 d - a wand of enslavement (15)
 e - a wand of random effects (15)
Scrolls
 g - 2 scrolls of identify {unknown}
 k - a scroll of random uselessness {unknown}
 l - 3 scrolls of teleportation {unknown}
Potions
 h - a potion of haste {unknown}
 i - a potion of agility {unknown}
 j - a potion of might {unknown}
Comestibles
 f - a ration


   Skills:
 + Level 1.7 Fighting
 - Level 1.0 Short Blades
 + Level 1.1 Armour
 + Level 2.1 Dodging
 - Level 1.2 Stealth
 - Level 3.2 Evocations


You had one spell level left.
You didn't know any spells.
Your spell library was empty.

Dungeon Overview and Level Annotations

Branches:
Dungeon (1/15)

Altars:


Innate Abilities, Weirdness & Mutations

You cannot be hasted, slowed, berserked, paralysed or teleported.
You can dig through walls and to a lower floor.
Your four strong arms can wield two-handed weapons with a shield.
You have a pair of large antennae on your head. (SInv)


Message History

The ball python bites you but does no damage.
The ball python constricts you.
You closely miss the ball python.
The ball python is severely wounded.
The ball python closely misses you. The ball python constricts you.
You hit the ball python.
You kill the ball python!
The frilled lizard closely misses you.
You miss the frilled lizard. The frilled lizard closely misses you.
You closely miss the frilled lizard. The frilled lizard closely misses you.
You hit the frilled lizard.
The frilled lizard is severely wounded.
The frilled lizard bites you but does no damage.
You miss the frilled lizard.
The frilled lizard is moderately wounded.
The frilled lizard bites you but does no damage.
You miss the frilled lizard.
The frilled lizard is moderately wounded.
The frilled lizard bites you.
You die...

.........#####.#...
# ...#.%.....?....
#.
#........#.#........
##........#.... ...#
#...........##..
..?......##.# .
#####..)###.#...
(..######.........#
#....†@l.#.......#
############...###
#..# ..# .≈≈ ### ..


You could see a frilled lizard.

Vanquished Creatures
  2 leopard geckos (D:1)
  A ball python (D:1)
  3 goblins (D:1)
  A hobgoblin (D:1)
  A kobold (D:1)
  3 rats (D:1)
11 creatures vanquished.

Notes
Turn   | Place    | Note
-------+----------+-------------------------------------------
     0 | D:1      | Lanoc the Formicid Artificer began the quest for the Orb.
     0 | D:1      | Reached XP level 1. HP: 15/15 MP: 3/3
    35 | D:1      | Reached XP level 2. HP: 21/21 MP: 4/4
   110 | D:1      | Reached skill level 1 in Armour
   138 | D:1      | Slain by a frilled lizard

Vault maps used:
D:1:      ebering_trefoil_twist, chequers_serial_rivers_marsh, grunt_decor_cap

Skill      XL: |  1  2 |
---------------+-------+-----
Dodging        | 2 |  2.1
Armour         | 1 |  1.1
Fighting       | |  1.7
Short Blades   | |  1.0
Stealth        | |  1.2
Evocations     | |  3.2

Action                   || total
-------------------------++-------
Melee: Short sword       ||    36
Armor: Leather armour    ||    14
Dodge: Dodged            ||    22

Table legend:
 A = Non-vault XP
 B = Vault XP
 C = Vault XP percentage of total XP
 D = Non-vault monster count
 E = Vault monster count
 F = Vault count percentage of total count
                 A         B        C        D         E       F
            +---------+---------+-------+---------+---------+-------
      Total |      21 |       0 |   0.0 |      11 |       0 |   0.0
            +---------+---------+-------+---------+---------+-------
        D:1 |      21 |       0 |   0.0 |      11 |       0 |   0.0
            +---------+---------+-------+---------+---------+-------
